 Dungeon Crawl Stone Soup version 0.28.0-47-ge53b351184 (webtiles) character file.

Game seed: 6633397456090771645

280 Iusername the Slasher (level 6, -1/53 HPs)
             Began as a Minotaur Fighter on May 4, 2022.
             Slain by a black bear (3 damage)
             ... on level 4 of the Dungeon.
             The game lasted 00:03:43 (3316 turns).

Iusername the Slasher (Minotaur Fighter)            Turns: 3316, Time: 00:03:43

Health: -1/53      AC:  7    Str: 22    XL:     6   Next: 5%
Magic:  4/4        EV:  6    Int:  5    God:
Gold:   112        SH: 14    Dex: 10    Spells: 5/5 levels left

rFire   + . .      SeeInvis .   p - +2 hand axe (venom)
rCold   . . .      Faith    .   o - +2 tower shield
rNeg    . . .      Spirit   .   b - +0 scale mail
rPois   .          Reflect  .   (helmet restricted)
rElec   .          Harm     .   (no cloak)
rCorr   .          Rampage  .   (no gloves)
Will    .....                   (no boots)
Stlth   ..........              (no amulet)
HPRegen 0.17/turn               f - ring of protection from fire
MPRegen 0.09/turn               (no ring)

@: mighty
A: horns 2, retaliatory headbutt, talons 1, low MP 1, sense surroundings 1
a: no special abilities


You were on level 4 of the Dungeon.
You visited 1 branch of the dungeon, and saw 4 of its levels.

You collected 112 gold pieces.

Inventory:

Hand Weapons
 a - a +0 long sword
 p - a +2 hand axe of venom (weapon)
Missiles
 m - 2 boomerangs (quivered)
Armour
 b - a +0 scale mail (worn)
 o - a +2 tower shield (worn)
Jewellery
 f - a ring of protection from fire (left hand)
Scrolls
 c - a scroll of identify {unknown}
 e - a scroll of silence {unknown}
 k - a scroll of enchant weapon {unknown}
 l - a scroll of brand weapon {unknown}
Potions
 d - 2 potions of attraction {unknown}
 g - a potion of curing {unknown}
 i - a potion of haste {unknown}
 j - 2 potions of heal wounds {unknown}
 n - a potion of lignification {unknown}
 q - a potion of mutation


   Skills:
 + Level 4.4 Fighting
 + Level 5.0 Long Blades
 + Level 0.5 Axes
 + Level 4.9 Armour
 + Level 2.1 Dodging
 + Level 4.5 Shields


You had 5 spell levels left.
You didn't know any spells.
Your spell library contained the following spells:

 Spells                   Type           Power      Damage    Failure   Level
 Gell's Gravitas          Tloc           0%         N/A       100%        3
 Teleport Other           Tloc           0%         N/A       100%        3
 Dispersal                Tloc           0%         N/A       100%        6


Dungeon Overview and Level Annotations

Branches:
Dungeon (4/15)
 Temple: D:4-7

Altars:


Innate Abilities, Weirdness & Mutations

You have a pair of horns on your head.
You reflexively headbutt those who attack you in melee.
You have sharp toenails.
Your magical capacity is low. (-10% MP)
You passively map a small area around you.


Message History

The ogre hits you with a +0 giant club!
There are monsters nearby!
You are too injured to fight recklessly!
There are monsters nearby!
You feel very mighty all of a sudden. The ogre hits you with a +0 giant club!
* * * LOW HITPOINT WARNING * * *
You slash the ogre!
The ogre looks as sick as possible!
Your kick misses the ogre. You headbutt the ogre!
The ogre is severely wounded.
You block the ogre's attack.
You slash the ogre!
You kill the ogre!
Your Long Blades skill increases to level 5!
Your Dodging skill increases to level 2!
You have reached level 6!
You barely miss the black bear. Your kick misses the black bear.
The black bear bites you but does no damage.
The black bear claws you.
* * * LOW HITPOINT WARNING * * *
The black bear barely misses you. You block the black bear's attack.
The black bear claws you but does no damage.
You block the black bear's attack.
You hit the black bear.
The black bear is poisoned.
Your kick misses the black bear.
The black bear is lightly wounded.
The black bear barely misses you.
The black bear claws you but does no damage. x2
The black bear bites you.
* * * LOW HITPOINT WARNING * * *
You block the black bear's attack. The black bear claws you.
* * * LOW HITPOINT WARNING * * *
You barely miss the black bear. You headbutt the black bear!
The black bear is severely wounded.
You block the black bear's attack.
The black bear claws you but does no damage. x2
You closely miss the black bear.
The black bear is severely wounded.
You block the black bear's attack. The black bear claws you.
You die...

#. ## #.# ##.## #.
, =# #.####..##
*.###.# #.........
..#..####..####.###
#.#.........# *.#
##.#.#####...# ,
*#..#..## #..<#
#(#..###...# ,, ,
#@##.......# *
#.#h##.##...#
##,.##.......... ,
* , ##..##...#### *
##.##...# * ,,* * ,
#.####+# , , ,, ..#
≈ *, , #.. ≈≈ ,
#..* ≈


You could see a black bear (poisoned).

Vanquished Creatures
  An ogre (D:4)
  A jelly (D:4)
  Jessica (D:3)
  Terence (D:3)
  5 adders
  A worm (D:2)
  3 dart slugs
  9 endoplasms
  2 giant cockroaches (D:1)
  6 goblins
  4 hobgoblins
  4 jackals (D:1)
  2 ball pythons
  9 bats
  5 frilled lizards
  8 kobolds
  6 rats
68 creatures vanquished.

Notes
Turn   | Place    | Note
-------+----------+-------------------------------------------
     0 | D:1      | Iusername the Minotaur Fighter began the quest for the Orb.
     0 | D:1      | Reached XP level 1. HP: 19/19 MP: 0/0
   113 | D:1      | Reached XP level 2. HP: 17/27 MP: 1/1
   617 | D:1      | Reached XP level 3. HP: 29/33 MP: 2/2
   875 | D:2      | Reached skill level 3 in Long Blades
  1194 | D:2      | Reached XP level 4. HP: 34/40 MP: 3/3
  1806 | D:2      | Gained mutation: Your magical capacity is low. (-10% MP)
                  | [potion of mutation]
  1806 | D:2      | Gained mutation: You passively map a small area around you.
                  | [potion of mutation]
  1806 | D:2      | Gained mutation: You have sharp toenails. [potion of
                  | mutation]
  2043 | D:3      | Noticed Jessica
  2049 | D:3      | Killed Jessica
  2050 | D:3      | Reached skill level 4 in Long Blades
  2215 | D:3      | Noticed Terence
  2220 | D:3      | Killed Terence
  2221 | D:3      | Reached skill level 1 in Dodging
  2221 | D:3      | Reached XP level 5. HP: 27/47 MP: 3/3
  3024 | D:3      | Found a faded altar of an unknown god.
  3307 | D:4      | Noticed an ogre
  3308 | D:4      | Noticed a black bear
  3312 | D:4      | Killed an ogre
  3313 | D:4      | Reached skill level 5 in Long Blades
  3313 | D:4      | Reached XP level 6. HP: 10/53 MP: 4/4
  3314 | D:4      | HP: 2/53 [black bear (5)]
  3316 | D:4      | Slain by a black bear

Illustrated notes

Levels and vault maps discovered:
D:1:      dpeg_arrival_ternary, layout_basic
D:2:      layout_basic
D:3:      layout_loops_corners, shapermc_ecumenical_altar_venn,
          chequers_serial_rivers_micro_b, uniq_terence, uniq_jessica
D:4:      layout_loops_ring, kennysheep_little_box,
          gammafunk_ghost_abyssal_escape, minmay_manual_macuahuitl,
          uniq_grinder, uniq_duvessa

Skill      XL: |  1  2  3  4  5 |
---------------+----------------+-----
Fighting       | 4 |  4.4
Armour         | 4 |  4.9
Long Blades    | 3 4 5 |  5.0
Shields        | 4 |  4.5
Dodging        | 1 2 |  2.1
Axes           | |  0.5

Action                   |  1- 3 |  4- 6 || total
-------------------------+-------+-------++-------
Melee: Long sword        |    95 |    43 ||   138
       Headbutt          |    10 |     9 ||    19
       Kick              |       |     7 ||     7
       Hand axe          |       |    13 ||    13
  Use: Potion            |     1 |     2 ||     3
Armor: Scale mail        |    54 |    29 ||    83
Dodge: Dodged            |    52 |    21 ||    73
Block: Buckler           |    21 |     8 ||    29
       Tower shield      |       |    20 ||    20
